 Dungeon Crawl Stone Soup version 0.29.1-1-gd02db6906a (webtiles) character file.

Game seed: 11643026290305380552

63 gzilladon the Sneak (level 3, -9/17 HPs)
             Began as a Spriggan Enchanter on Sept 27, 2022.
             Killed by divine providence
             ... invoked by an orc priest
              (11 damage)
             ... on level 2 of the Dungeon.
             The game lasted 00:08:36 (2315 turns).

gzilladon the Sneak (Spriggan Enchanter)            Turns: 2315, Time: 00:08:37

Health: -9/17      AC:  3    Str:  4    XL:     3   Next: 87%
Magic:  8/8        EV: 18    Int: 16    God:
Gold:   88         SH:  0    Dex: 17    Spells: 7/7 levels left

rFire   . . .      SeeInvis +   a - +1 dagger
rCold   . . .      Faith    .   (no shield)
rNeg    . . .      Spirit   .   b - +0 robe
rPois   .          Reflect  .   (helmet restricted)
rElec   .          Harm     .   i - +0 cloak
rCorr   .          Rampage  .   (gloves unavailable)
Will    .....                   (boots unavailable)
Stlth   +++.......              (no amulet)
HPRegen 0.05/turn               (no ring)
MPRegen 0.11/turn               (no ring)

@: invisible, very quick
A: very small, no large weapons, unfitting armour, see invisible, speed 3
a: no special abilities


You were on level 2 of the Dungeon.
You visited 1 branch of the dungeon, and saw 2 of its levels.

You collected 88 gold pieces.

Inventory:

Hand Weapons
 a - a +1 dagger (weapon)
Missiles
 d - 21 stones (quivered)
Armour
 b - a +0 robe (worn)
 i - a +0 cloak (worn)
Scrolls
 h - a scroll of identify {unknown}
 j - 2 scrolls of enchant weapon {unknown}
Potions
 c - a potion of invisibility
 e - a potion of haste {unknown}
 f - 2 potions of curing {unknown}
 g - a potion of flight {unknown}
 k - 2 potions of mutation {unknown}


   Skills:
 + Level 0.3 Fighting
 * Level 2.3 Short Blades
 + Level 3.2 Dodging
 * Level 5.8 Stealth
 + Level 2.7 Spellcasting
 + Level 3.8 Hexes


You had 7 spell levels left.
You didn't know any spells.
Your spell library contained the following spells:

 Spells                   Type           Power      Damage    Failure   Level
 Confusing Touch          Hex            14%        N/A       12%         3
 Tukima's Dance           Hex            14%        N/A       12%         3
 Ensorcelled Hibernation  Hex/Ice        16%        N/A       13%         2
 Dazzling Flash           Conj/Hex       16%        N/A       26%         3
 Frozen Ramparts          Ice            4%         1d1       50%         3
 Ice Form                 Ice/Tmut       2%         N/A       88%         4
 Summon Ice Beast         Ice/Summ       2%         N/A       88%         4


Dungeon Overview and Level Annotations

Branches:
Dungeon (2/15)

Altars:

Shops:
D:1 *


Innate Abilities, Weirdness & Mutations

You are very small and have problems with some larger weapons.
You are too small for most types of armour.
You have supernaturally acute eyesight. (SInv)
You cover ground extremely quickly. (Speed+++)


Message History

The helpless endoplasm fails to defend itself.
You impale the endoplasm!!
You kill the endoplasm!
A jackal comes into view.
A jackal comes into view.
The helpless jackal fails to defend itself.
You impale the jackal!!
You kill the jackal!
The helpless jackal fails to defend itself.
You impale the jackal!!
You kill the jackal!
You see here a jackal corpse.
You see here a jackal corpse.
An endoplasm comes into view.
An orc comes into view. It is wielding a +0 falchion.
The helpless endoplasm fails to defend itself.
You impale the endoplasm!!
You kill the endoplasm!
An orc priest comes into view. It is wielding a +0 dagger.
An orc priest comes into view. It is wielding a +0 hand axe.
An orc priest comes into view. It is wielding a +0 whip.
The orc priest shouts!
The orc misses you.
The orc priest shouts! x2
You hit the orc.
The orc is heavily wounded.
The orc misses you.
You hit the orc.
The orc is almost dead.
An orc wizard comes into view. It is wielding a +0 dagger.
The orc priest invokes the aid of Beogh against you.
Beogh smites you!
Ouch! That really hurt!
* * * LOW HITPOINT WARNING * * *
The orc misses you.
You fade into invisibility!
The orc priest invokes the aid of Beogh against you.
Beogh smites you!
Ouch! That really hurt!
You die...

#.# #.# #.#
#.# ### #.#
.... #.#
..... ####.#
......#....#
...o..o@####
...o...##
#o....#
.o###. . ..
##


You could see 3 orc priests, an orc wizard (wandering, unable to see you) and an
orc (unable to see you).

Vanquished Creatures
  An adder (D:2)
  6 ball pythons
  2 endoplasms (D:2)
  3 giant cockroaches
  4 goblins
  5 hobgoblins
  8 jackals
  A quokka (D:1)
  5 bats
  3 frilled lizards
  4 kobolds
  6 rats
48 creatures vanquished.

Notes
Turn   | Place    | Note
-------+----------+-------------------------------------------
     0 | D:1      | gzilladon the Spriggan Enchanter began the quest for the
                  | Orb.
     0 | D:1      | Reached XP level 1. HP: 9/9 MP: 5/5
   148 | D:1      | Reached XP level 2. HP: 9/13 MP: 6/6
   373 | D:1      | Reached skill level 5 in Stealth
   892 | D:1      | Found Fuacy's General Store.
  1231 | D:1      | Reached XP level 3. HP: 16/16 MP: 8/8
  2315 | D:2      | Killed from afar by an orc priest

Illustrated notes

Levels and vault maps discovered:
D:1:      saegor_arrival_simple_c, layout_basic, serial_shops,
          nicolae_shop_temple_entry_statues_fountains, minmay_misc_feat_pillars,
          st_stairs_6, minmay_tetromino_l2
D:2:      layout_basic, shapermc_ecumenical_altar_notcrosses

Skill      XL: |  1  2  3 |
---------------+----------+-----
Stealth        | 5 |  5.8
Dodging        | 3 |  3.2
Short Blades   | 2 |  2.3
Fighting       | |  0.3
Spellcasting   | |  2.7
Hexes          | |  3.8

Action                   || total
-------------------------++-------
Melee: Dagger            ||   192
       Punch             ||     2
  Use: Potion            ||     1
 Stab: Sleeping          ||    13
Armor: Robe              ||    22
Dodge: Dodged            ||   162
